Map: Roskalian ER

Players

blue - Winner!

  • Race: Protoss Protoss
  • Spawn Location: 11:00

xMDMAx - Winner!

  • Race: Protoss Protoss
  • Spawn Location: 12:00

Legol

  • Race: Protoss Protoss
  • Spawn Location: 5:00

Hamster

  • Race: Protoss Protoss
  • Spawn Location: 6:00

VOD

Have the link to the VOD?

Description

Time

  • Played on: Dec. 26, 2019, 12:24 p.m.
  • Length: 10:50
Show
View Real Time Build Order
Export as new Build Order

blue Protoss - Winner!

Build Orders: Oracle Opening 

Get SALT Encoding   

  12  0:10  Pylon  
  12  0:13  Probe (Chrono Boost)  
  13  0:25  Probe (Chrono Boost)  
  14  0:31  Assimilator  
  14  0:34  Probe (Chrono Boost)  
  15  0:38  Assimilator  
  15  0:39  Probe  
  16  0:55  Gateway  
  16  1:04  Probe (Chrono Boost)  
  17  1:15  Probe (Chrono Boost)  
  18  1:20  Pylon, Probe (Chrono Boost)  
  19  1:31  Probe  
  20  1:43  Probe  
  21  1:47  Cybernetics Core  
  21  1:55  Probe  
  22  2:03  Pylon  
  22  2:07  Probe  
  23  2:45  Stargate  
  23  2:46  Nexus  
  23  2:50  Stargate  
  23  3:17  Forge  
  23  3:24  Pylon  
  23  3:28  Oracle  
  23  3:34  Oracle (Chrono Boost)  
  29  4:02  Oracle (Chrono Boost)  
  29  4:08  Oracle (Chrono Boost)  
  36  4:24  Probe (Chrono Boost)  
  36  4:28  Assimilator  
  36  4:33  Assimilator  
  36  4:34  Probe (Chrono Boost)  
  36  4:36  Void Ray  
  41  4:38  Probe (Chrono Boost)  
  42  4:50  Probe  
  43  4:54  Void Ray  
  47  5:02  Probe  
  48  5:14  Probe  
  49  5:26  Probe  
  38  6:10  Void Ray  
  38  6:11  Void Ray  
  46  6:15  Pylon  
  46  6:21  Probe (Chrono Boost)  
  47  6:31  Nexus, Probe (Chrono Boost)  
  48  6:33  Assimilator  
  48  6:36  Probe (Chrono Boost)  
  48  6:37  Assimilator  
  50  6:41  Probe (Chrono Boost)  
  50  6:46  Probe (Chrono Boost)  
  51  6:50  Probe (Chrono Boost)  
  51  6:51  Probe (Chrono Boost)  
  51  6:53  Void Ray x2  
  61  7:00  Probe  
  62  7:02  Fleet Beacon, Probe  
  62  7:08  Pylon  
  63  7:09  Pylon  
  63  7:14  Probe  
  64  7:36  Void Ray x2  
  64  8:19  Void Ray x2  
  51  9:03  Probe (Chrono Boost)  
  51  9:08  Carrier x2  
  65  9:12  Probe (Chrono Boost)  
  65  9:13  Probe (Chrono Boost)  
  66  9:19  Probe (Chrono Boost)  
  66  9:21  Probe (Chrono Boost)  
  64  9:24  Probe (Chrono Boost)  
  64  9:29  Probe  
  66  9:36  Probe  
  67  9:41  Probe  
  68  9:48  Probe  
  68  9:52  Stargate  
  69  9:53  Stargate, Probe  
Show
View Real Time Build Order
Export as new Build Order

xMDMAx Protoss - Winner!

Build Orders: Double Forge, Oracle Opening 

Get SALT Encoding   

  12  0:02  Probe  
  13  0:15  Pylon  
  13  0:19  Probe (Chrono Boost)  
  14  0:31  Probe (Chrono Boost)  
  15  0:36  Probe (Chrono Boost)  
  16  0:43  Gateway  
  16  0:48  Assimilator  
  16  0:49  Probe  
  17  1:01  Probe (Chrono Boost)  
  18  1:08  Assimilator  
  18  1:13  Probe (Chrono Boost)  
  18  1:18  Pylon  
  19  1:21  Probe (Chrono Boost)  
  20  1:27  Probe  
  21  1:39  Probe  
  22  1:43  Cybernetics Core  
  22  1:53  Forge  
  22  2:11  Probe  
  22  2:13  Nexus  
  23  2:22  Forge  
  23  2:33  Stargate  
  23  2:49  Probe  
  24  3:01  Photon Cannon  
  24  3:03  Photon Cannon  
  24  3:09  Shield Battery  
  24  3:22  Oracle (Chrono Boost)  
  27  3:30  Probe (Chrono Boost)  
  28  3:40  Probe (Chrono Boost)  
  29  3:42  Pylon  
  29  3:45  Probe (Chrono Boost)  
  30  3:56  Probe  
  31  4:08  Probe  
  31  4:09  Pylon  
  32  4:14  Void Ray (Chrono Boost)  
  36  4:33  Stargate  
  36  4:36  Stargate  
  36  4:49  Assimilator  
  36  4:52  Void Ray (Chrono Boost)  
  40  4:54  Assimilator  
  40  4:56  Photon Cannon  
  40  4:58  Photon Cannon  
  35  5:21  Void Ray (Chrono Boost)  
  35  5:22  Void Ray (Chrono Boost)  
  42  6:10  Void Ray  
  46  6:34  Nexus  
  46  6:51  Pylon  
  46  6:53  Pylon  
  46  7:09  Void Ray  
  50  7:38  Void Ray x2  
  58  7:52  Void Ray  
  59  8:32  Void Ray  
  59  8:33  Void Ray  
  67  8:35  Probe (Chrono Boost)  
  68  8:45  Probe (Chrono Boost)  
  69  8:50  Probe (Chrono Boost)  
  70  8:56  Shield Battery  
  70  8:57  Shield Battery  
  70  8:59  Shield Battery  
  70  9:01  Probe  
  71  9:10  Pylon  
  71  9:13  Probe  
  71  9:16  Photon Cannon  
  72  9:45  Void Ray x2  
Show
View Real Time Build Order
Export as new Build Order

Legol Protoss 

Build Orders:  

Get SALT Encoding   

  12  0:01  Probe  
  13  0:13  Probe  
  14  0:21  Pylon  
  14  0:25  Probe  
  15  0:39  Probe (Chrono Boost)  
  15  0:40  Gateway  
  16  0:51  Probe (Chrono Boost)  
  17  1:00  Assimilator  
  17  1:01  Probe (Chrono Boost)  
  18  1:15  Probe (Chrono Boost)  
  19  1:25  Probe (Chrono Boost), Assimilator  
  20  1:30  Probe (Chrono Boost), Cybernetics Core  
  20  1:32  Pylon  
  21  1:41  Probe  
  22  1:53  Probe  
  23  1:56  Pylon  
  23  2:04  Forge  
  23  2:07  Warp Gate  
  23  2:27  Nexus  
  23  2:33  Stalker  
  25  2:38  Probe (Chrono Boost)  
  26  2:48  Probe (Chrono Boost)  
  27  2:52  Photon Cannon  
  27  2:57  Probe  
  28  3:08  Stalker  
  28  3:09  Probe  
  31  3:13  Protoss Ground Weapons Level 1 (Chrono Boost)  
  31  3:17  Gateway  
  31  3:33  Photon Cannon  
  31  3:43  Probe  
  31  3:44  Twilight Council  
  31  3:46  Probe  
  33  3:55  Probe  
  34  3:58  Probe  
  35  4:07  Probe  
  36  4:10  Probe  
  37  4:19  Blink (Chrono Boost)  
  37  4:26  Probe x2  
  37  4:30  Assimilator  
  39  4:34  Assimilator  
  39  4:37  Pylon, Stalker  
  39  4:38  Stalker, Probe x2  
  45  4:51  Probe (Chrono Boost)  
  45  4:52  Probe (Chrono Boost)  
  47  5:01  Stalker x2  
  47  5:03  Probe (Chrono Boost)  
  53  5:08  Probe (Chrono Boost)  
  53  5:09  Probe (Chrono Boost)  
  53  5:11  Gateway  
  54  5:15  Probe  
  42  5:50  Photon Cannon  
  42  5:51  Stalker x2  
  42  5:55  Photon Cannon  
  46  6:02  Probe x2  
  48  6:09  Stalker  
  50  6:35  Gateway  
  50  6:42  Stalker x2  
  50  6:43  Stalker  
  56  7:02  Probe  
  56  7:03  Probe  
  58  7:14  Probe  
  58  7:15  Stalker  
  61  7:47  Pylon  
  61  7:48  Pylon  
  61  7:50  Pylon  
  61  7:51  Pylon  
  61  7:53  Pylon  
  61  7:56  Pylon  
  61  8:06  Stalker x2  
  61  8:07  Stalker x2  
  53  8:58  Stalker  
  55  9:05  Gateway  
  55  9:08  Gateway  
  55  9:10  Gateway  
  55  9:13  Gateway  
  55  9:14  Gateway  
  55  9:19  Gateway  
  55  9:21  Gateway  
  51  10:08  Stalker x2  
  51  10:09  Stalker x3  
  51  10:10  Stalker  
  61  10:22  Stalker x2  
  61  10:39  Stalker x2  
  61  10:40  Stalker x3  
Show
View Real Time Build Order
Export as new Build Order

Hamster Protoss 

Build Orders:  

Get SALT Encoding   

  12  0:01  Probe  
  13  0:17  Pylon  
  13  0:25  Probe  
  14  0:37  Probe  
  15  0:42  Gateway  
  15  0:51  Assimilator  
  16  0:57  Probe  
  16  1:14  Probe (Chrono Boost)  
  18  1:26  Probe (Chrono Boost)  
  18  1:46  Cybernetics Core  
  18  1:54  Nexus  
  18  1:56  Zealot (Chrono Boost)  
  18  2:01  Probe  
  21  2:06  Assimilator  
  21  2:14  Probe (Chrono Boost)  
  22  2:15  Pylon  
  22  2:34  Warp Gate (Chrono Boost)  
  22  2:36  Zealot  
  24  2:44  Twilight Council  
  24  2:50  Gateway  
  24  2:52  Probe  
  25  3:07  Zealot  
  25  3:09  Probe  
  27  3:16  Charge (Chrono Boost)  
  27  3:21  Probe  
  27  3:24  Probe  
  29  3:33  Probe  
  30  3:38  Robotics Facility  
  30  3:44  Zealot  
  30  3:47  Zealot  
  34  3:50  Probe  
  35  3:59  Probe  
  37  4:02  Probe  
  37  4:11  Pylon, Probe  
  37  4:14  Probe  
  39  4:27  Warp Prism  
  41  5:05  Gateway  
  41  5:07  Gateway  
  18  5:19  Stalker  
  18  5:20  Stalker  
  20  5:22  Probe (Chrono Boost)  
  17  5:31  Probe (Chrono Boost)  
  18  5:36  Probe (Chrono Boost)  
  19  5:49  Stalker x2, Probe (Chrono Boost)  
  20  5:58  Probe (Chrono Boost)  
  18  6:06  Probe (Chrono Boost)  
  16  6:12  Probe (Chrono Boost)  
  17  6:25  Probe (Chrono Boost)  
  19  6:28  Observer  
  19  6:30  Probe (Chrono Boost)  
  20  6:39  Probe (Chrono Boost)  
  21  6:44  Probe (Chrono Boost)  
  11  8:30  Probe (Chrono Boost)  
  12  8:39  Probe (Chrono Boost)  
  13  8:44  Probe (Chrono Boost)  
  14  8:56  Probe (Chrono Boost)  
  15  9:08  Pylon  
  15  9:14  Pylon  
Tags
 
Add a new tag
Caveats
  • Supply blocks, unpowered buildings, or Contaminate may cause inaccurate times.
  • Supply counts are checked every 10 seconds.